 Dungeon Crawl Stone Soup version 0.25-a0-424-g80bd347ae0 (webtiles) character file.

Game seed: 3857798112345552373, levelgen mode: deterministic

2857 kae the Zephyrmancer (level 9, 0/62 HPs)
             Began as a Purple Draconian Air Elementalist on Jan 23, 2020.
             Was a Believer of Vehumet.
             Slain by an unseen horror (4 damage)
             ... on level 9 of the Dungeon.
             The game lasted 00:12:28 (11320 turns).

kae the Zephyrmancer (DrAE)                        Turns: 11320, Time: 00:12:29

Health: 0/62       AC:  7    Str: 11    XL:     9   Next: 47%
Magic:  12/21      EV: 12    Int: 18    God:    Vehumet [**....]
Gold:   194        SH:  0    Dex: 12    Spells: 15/25 levels left

rFire    + . .     SeeInvis .   k - +2 whip (pain)
rCold    + + .     Gourm    .   (no shield)
rNeg     . . .     Faith    .   (armour unavailable)
rPois    +         Spirit   .   (helmet restricted)
rElec    .         Reflect  .   y - scarf {rC+ rF+}
rCorr    .         Harm     .   (no gloves)
MR       +....                  (no boots)
Stlth    ++........             s - amulet of magic regeneration
HPRegen  0.20/turn              f - ring of poison resistance
MPRegen  0.42/turn              q - ring of protection from cold

@: very slightly contaminated, invisible
A: breathe power, unfitting armour, cold-blooded, AC +7
a: Breathe Dispelling Energy, Renounce Religion


You were on level 9 of the Dungeon.
You worshipped Vehumet.
Vehumet was pleased with you.
You were hungry.

You visited 2 branches of the dungeon, and saw 10 of its levels.

You collected 398 gold pieces.
You spent 204 gold pieces at shops.

Inventory:

Hand Weapons
 k - a +2 whip of pain (weapon)
Armour
 y - a scarf of resistance (worn)
Jewellery
 f - a ring of poison resistance (left hand)
 q - a ring of protection from cold (right hand)
 s - an amulet of magic regeneration (around neck)
Wands
 p - a wand of digging (2)
Scrolls
 a - 3 scrolls of magic mapping
 c - 2 scrolls of enchant armour
 m - 3 scrolls of teleportation
 o - 2 scrolls of remove curse
Potions
 d - a potion of flight
 e - 4 potions of brilliance
 h - 2 potions of degeneration
 i - 3 potions of cancellation
 j - 3 potions of curing
 l - a potion of heal wounds
 n - 2 potions of ambrosia {unknown}
 u - 2 potions of haste {unknown}
 x - a potion of mutation
Comestibles
 b - 19 rations


   Skills:
 - Level 1.7 Dodging
 - Level 1.7 Stealth
 + Level 8.6 Spellcasting
 - Level 1.0 Conjurations
 * Level 11.0 Air Magic


You had 15 spell levels left.
You knew the following spells:

 Your Spells              Type           Power        Failure   Level  Hunger
a - Shock                 Conj/Air       ####         1%          1    None
b - Static Discharge      Conj/Air       ####....     2%          3    None
c - Swiftness             Chrm/Air       ####....     1%          2    None
d - Airstrike             Air            #####.....   1%          4    ###....

Your spell library contained the following spells:

 Spells                   Type           Power        Failure   Level  Hunger
 Sandblast                Erth           #.....       9%          1    None
 Animate Skeleton         Necr           N/A          9%          1    None
 Apportation              Tloc           #.....       9%          1    None
 Corona                   Hex            #......      9%          1    None
 Summon Small Mammal      Summ           #...         9%          1    None
 Lightning Bolt           Conj/Air       ####......   22%         5    #####..


Dungeon Overview and Level Annotations

Branches:
Dungeon (9/15)             Temple (1/1) D:4
   Lair: D:8-11         Orc: D:9-12

Altars:
Ashenzari
Cheibriados
Dithmenos
Elyvilon
Fedhas
Gozag
Kikubaaqudgha
Makhleb
Nemelex Xobeh
Okawaru
Qazlal
Ru
Sif Muna
Trog
Uskayaw
Vehumet
Wu Jian
Xom
Yredelemnul
The Shining One
Beogh

Shops:
D:7 *   D:9 ?(


Innate Abilities, Weirdness & Mutations

You can breathe bolts of dispelling energy.
Your rich purple scales are hard. (AC +7)
You cannot fit into any form of body armour.
You are cold-blooded and may be slowed by cold attacks.


Message History

Something hits you but does no damage.
Casting: Airstrike (safe; 1% risk of failure)
Confirm with . or Enter, or press ? or * to list all spells.
Aiming: Airstrike (safe; 1% risk of failure)
Press: ? - help, Dir - move target cursor The air twists around and strikes something.
Something hits you but does no damage. x2
Something hits you but does no damage. Something hits you.
Something hits you but does no damage. Something hits you. Something hits you.
* * * LOW HITPOINT WARNING * * *
Something hits you.
* * * LOW HITPOINT WARNING * * *
Something hits you but does no damage. Something hits you!
* * * LOW HITPOINT WARNING * * *
Something hits you.
You die...

####### #.....# #.....#
#....[##### ##### #
#.....#.#.#++#.#.## .
+.................## .
#..............P...# .
#...##..P..........# .
#..@##.............# .
.###...##.#.##.######.#
. .8......<#..........
.# #
..###...##.######### ##
#...##.# #...##.#
#...##.# ######.# #.#
#.#


There were no monsters in sight!

Vanquished Creatures
  A hungry ghost (D:8)
  2 sky beasts (D:5)
  A hornet zombie (D:9)
  2 black bears
  2 orc warriors (D:8)
  An ogre (D:6)
  A crocodile (D:5)
  6 bullfrogs
  2 water moccasin skeletons
  A scorpion (D:8)
  4 killer bees (D:8)
  A crimson imp (D:5)
  2 quasits
  A centaur skeleton (D:6)
  4 hounds
  A jelly (D:8)
  5 orc priests
  7 orc wizards
  4 iguanas
  5 worker ants
  A hound skeleton (D:6)
  A howler monkey zombie (D:5)
  A worker ant zombie (D:6)
  4 gnolls (D:5)
  14 adders
  A shadow imp (D:8)
  An adder skeleton (D:4)
  An adder zombie (D:6)
  4 worms
  A dart slug (D:2)
  11 leopard geckos
  39 orcs
  5 giant cockroaches
  11 hobgoblins
  10 jackals
  3 quokkas
  A ball python (D:2)
  6 bats
  4 frilled lizards
  3 goblins (D:2)
  7 kobolds
  A quokka skeleton (D:4)
  5 rats
188 creatures vanquished.

Notes
Turn   | Place    | Note
-------+----------+-------------------------------------------
     0 | D:1      | kae the Draconian Air Elementalist began the quest for the
                  | Orb.
     0 | D:1      | Reached XP level 1. HP: 14/14 MP: 3/3
   466 | D:1      | Reached XP level 2. HP: 20/20 MP: 3/5
   912 | D:2      | Found a shimmering altar of Xom.
  1341 | D:2      | Reached skill level 4 in Air Magic
  1341 | D:2      | Reached XP level 3. HP: 25/26 MP: 0/6
  1781 | D:2      | Reached XP level 4. HP: 19/33 MP: 0/8
  1940 | D:2      | Found a bloodstained altar of Trog.
  2303 | D:2      | Found an iron altar of Okawaru.
  2871 | D:3      | Reached skill level 5 in Air Magic
  2954 | D:3      | Reached XP level 5. HP: 17/38 MP: 0/9
  3483 | D:3      | Learned a level 3 spell: Static Discharge
  3486 | D:3      | Learned a level 2 spell: Swiftness
  4209 | D:4      | Found a staircase to the Ecumenical Temple.
  4228 | Temple   | Entered the Ecumenical Temple
  4291 | Temple   | Became a worshipper of Vehumet
  4312 | D:4      | Reached XP level 6. HP: 32/45 MP: 5/11
  4502 | D:4      | Reached skill level 6 in Air Magic
  4863 | D:4      | Reached * piety under Vehumet
  4863 | D:4      | Offered knowledge of Magic Dart by Vehumet.
  5021 | D:5      | Entered Level 5 of the Dungeon
  5287 | D:5      | Your scales start taking on a rich purple colour.
  5287 | D:5      | Reached skill level 5 in Spellcasting
  5287 | D:5      | Reached XP level 7. HP: 34/50 MP: 9/14
  5795 | D:5      | Learned a level 4 spell: Airstrike
  5853 | D:5      | Reached skill level 7 in Air Magic
  6715 | D:5      | Found a sacrificial altar of Ru.
  6911 | D:5      | Reached skill level 8 in Air Magic
  7060 | D:6      | Reached XP level 8. HP: 57/57 MP: 10/17
  7569 | D:6      | Reached skill level 9 in Air Magic
  8521 | D:7      | Found Hauthren's Assorted Antiques.
  8529 | D:7      | Bought a scroll labeled YCHUDE AWATE for 32 gold pieces
  8529 | D:7      | Bought a scroll labeled IZUNUXK ZOMAMN for 32 gold pieces
  8529 | D:7      | Bought a viscous ruby potion for 28 gold pieces
  8529 | D:7      | Bought a dark potion for 28 gold pieces
  8529 | D:7      | Bought a coppery potion for 28 gold pieces
  8529 | D:7      | Bought an inky potion for 28 gold pieces
  8781 | D:7      | Found a shimmering blue altar of Sif Muna.
  9292 | D:7      | Found a burning altar of Makhleb.
  9615 | D:8      | Reached skill level 10 in Air Magic
  9635 | D:8      | Reached XP level 9. HP: 62/62 MP: 16/20
  9984 | D:8      | Found a stormy altar of Qazlal.
 10239 | D:8      | Found a roughly hewn altar of Beogh.
 10240 | D:8      | Reached ** piety under Vehumet
 10240 | D:8      | Offered knowledge of Sandblast by Vehumet.
 10782 | D:9      | Found Paoran's Weapon Boutique.
 10784 | D:9      | Found Larghid's Magic Scroll Emporium.
 10855 | D:9      | Reached skill level 11 in Air Magic
 11045 | D:9      | Bought a scroll of identify for 28 gold pieces
 11071 | D:9      | Identified the ring of Joy {rN+ Str+3 Stlth+}
 11071 | D:9      | Noticed a troll
 11320 | D:9      | Slain by an unseen horror

Levels and vault maps discovered:
D:1:      dpeg_arrival_round_a, layout_rooms
D:2:      minmay_spotlight, layout_basic, lemuel_crystal_altar,
          xom_teletrap_fun, okawaru_metal_pillars_3, bh_chokoban,
          kennysheep_another_room
D:3:      layout_loops_cross
D:4:      corexii_shack_village, layout_loops_ring, temple_green, first_ration,
          serial_bayou_pond_e, minmay_misc_feat_room
D:5:      minmay_chambers_of_fours, layout_basic, marbit_many_paths
D:6:      layout_basic
D:7:      layout_cave_pods, bloody_makhleb, serial_shops, shop, basic_altar
D:8:      layout_rooms, nicolae_qazlal_style_of_elements, special_room
          [special_room_orc]
D:9:      wad_pebble_path, layout_basic, lemuel_coloured_pillars_altar,
          zin_purify, serial_shops, shop, shop, shop_statue,
          kennysheep_mini_moat, shop, blue_anna_alchemist
          [blue_anna_fruit_fields, blue_anna_fruit_fields]
Temple:   eino_temple_water

Skill      XL: |  1  2  3  4  5  6  7  8  9 |
---------------+----------------------------+-----
Air Magic      | 4 5 6 8 10 11 | 11.0
Spellcasting   | 3 5 6 7 8 |  8.6
Dodging        | |  1.7
Stealth        | |  1.7
Conjurations   | |  1.0

Action                   |  1- 3 |  4- 6 |  7- 9 || total
-------------------------+-------+-------+-------++-------
Melee: Unarmed           |    12 |       |       ||    12
       Tailslap          |     9 |     9 |    16 ||    34
       Hand axe          |    86 |   101 |    33 ||   220
       Whip              |       |       |   121 ||   121
 Cast: Shock             |    62 |   134 |   187 ||   383
       Airstrike         |       |       |    42 ||    42
       Static Discharge  |       |       |    23 ||    23
       Swiftness         |       |       |     2 ||     2
 Abil: Breathe Dispellin |       |       |     3 ||     3
  Use: Scroll            |       |     5 |    16 ||    21
       Potion            |       |       |     7 ||     7
 Stab: Sleeping          |       |     5 |     1 ||     6
  Eat: Chunk             |     3 |    10 |    16 ||    29
       Ration            |       |       |     3 ||     3
Armor: Skin              |    44 |    42 |   155 ||   241
Dodge: Dodged            |   102 |    97 |   125 ||   324

Table legend:
 A = Non-vault XP
 B = Vault XP
 C = Vault XP percentage of total XP
 D = Non-vault monster count
 E = Vault monster count
 F = Vault count percentage of total count
                 A         B        C        D         E       F
            +---------+---------+-------+---------+---------+-------
      Total |    3359 |     723 |  17.7 |     146 |      42 |  22.3
            +---------+---------+-------+---------+---------+-------
        D:1 |      13 |       0 |   0.0 |       9 |       0 |   0.0
        D:2 |     119 |       8 |   6.3 |      36 |       3 |   7.7
        D:3 |     193 |       0 |   0.0 |      16 |       0 |   0.0
        D:4 |     175 |      19 |   9.8 |      18 |      10 |  35.7
        D:5 |     544 |     335 |  38.1 |      18 |       5 |  21.7
        D:6 |     949 |       0 |   0.0 |      20 |       0 |   0.0
        D:7 |     220 |       0 |   0.0 |       4 |       0 |   0.0
        D:8 |     904 |     361 |  28.5 |      18 |      24 |  57.1
        D:9 |     242 |       0 |   0.0 |       7 |       0 |   0.0
            +---------+---------+-------+---------+---------+-------
